 Seeded DCSS version 0.31.0-32-g396128a36d (webtiles) character file.

Game seed: 4073344203867303942 (custom seed)

222 firemarshallily the Conjurer (level 5, -4/34 HPs)
             Began as an Octopode Conjurer on Mar 11, 2024.
             Slain by a sleepcap (7 damage)
             ... on level 4 of the Dungeon.
             The game lasted 00:06:49 (3320 turns).

firemarshallily the Conjurer (Octopode Conjurer)    Turns: 3320, Time: 00:06:50

Health: -4/34      AC:  1    Str:  7    XL:     5   Next: 99%
Magic:  15/19      EV: 13    Int: 26    God:
Gold:   150        SH:  0    Dex: 12    Spells: 4/11 levels left

rFire   . . .        e - +2 short sword (flame)
rCold   . . .        (no shield)
rNeg    . . .        (helmet restricted)
rPois   .            (no amulet)
rElec   .            n - +6 ring of intelligence
rCorr   .            o - ring of magical power
SInv    .            (no ring)
Will    .....        (no ring)
Stlth   +++          (no ring)
HPRegen 0.25/turn    (no ring)
MPRegen 0.16/turn    (no ring)
                     (no ring)

%: no passive effects
@: attractive
A: almost no armour, amphibious, 8 rings, camouflage 1, gelatinous body 1,
(nimble swimmer 1), tentacles
a: no special abilities


You were on level 4 of the Dungeon.
You visited 1 branch of the dungeon, and saw 4 of its levels.

You collected 150 gold pieces.

Inventory:

Hand Weapons
 e - a +2 short sword of flaming (weapon)
Missiles
 k - 4 poisoned darts
Armour
 m - a +0 buckler
Jewellery
 n - a +6 ring of intelligence (left tentacle)
 o - a ring of magical power (right tentacle)
Scrolls
 c - a scroll of brand weapon {unknown}
 d - a scroll of noise {unknown}
 g - a scroll of poison {unknown}
 i - 3 scrolls of immolation {unknown}
 j - 2 scrolls of butterflies
 l - a scroll of revelation
 p - a scroll of amnesia
Potions
 a - 2 potions of magic
 f - a potion of attraction


   Skills:
 + Level 2.1 Fighting
 + Level 3.1 Dodging
 - Level 2.6 Stealth
 + Level 0.6 Shields
 * Level 3.7 Spellcasting
 + Level 4.7 Conjurations


You had 4 spell levels left.
You knew the following spells:

 Your Spells              Type           Power      Damage    Failure   Level
a - Magic Dart            Conj           100%       1d8       1%          1
b - Searing Ray           Conj           58%        2d6       1%          2
c - Fulminant Prism       Conj/Alch      8%         3d7       32%         4

Your spell library contained the following spells:

 Spells                   Type           Power      Damage    Failure   Level
 Freeze                   Ice            16%        1d4       9%          1
 Hailstorm                Conj/Ice       17%        3d6       10%         3
 Frozen Ramparts          Ice            8%         1d2       26%         3
 Iskenderun's Mystic Bla  Conj/Tloc      17%        2d5       32%         4


Dungeon Overview and Level Annotations

Branches:
Dungeon (4/15)
 Temple: D:4-7

Altars:
Ashenzari
Nemelex Xobeh

Annotations:
D:2 1 runed translucent door, Crazy Yiuf


Innate Abilities, Weirdness & Mutations

You cannot wear most types of armour.
You are amphibious.
You can wear up to eight rings at the same time.
Your skin changes colour to match your surroundings (Stealth+).
Your rubbery body absorbs attacks. (AC +1, EV +1)
((You are camouflaged when in or above water. (Stealth+)))
You have tentacles for arms and can constrict up to eight enemies at once.


Message History

You finish channelling your searing ray.
You start resting.
HP restored.
You start resting.
Magic restored.
A sleepcap comes into view.
A ribbon worm comes into view.
Casting: Searing Ray (safe; 1% risk of failure)
Confirm with . or Enter, or press ? or * to list all spells.
Aiming: Searing Ray (safe; 1% risk of failure)
Press: ? - help, Shift-Dir - straight line The searing ray hits the sleepcap but does no damage. (Press . to maintain the ray.) Unknown command.
The searing ray hits the sleepcap but does no damage.
The sleepcap releases spores at you.
The searing ray hits the sleepcap.
The sleepcap is lightly damaged.
The sleepcap barely misses you.
The searing ray hits the sleepcap.
The sleepcap is moderately damaged.
The searing ray hits the ribbon worm.
The ribbon worm is lightly wounded.
You finish channelling your searing ray.
The sleepcap releases spores at you!
You are engulfed in a cloud of soporific spores!
You fall asleep.
The sleepcap releases spores at you!!
You wake up.
Ouch! That really hurt!
* * * LOW HITPOINT WARNING * * *
Okay, then.
Press: ? - help, v - describe, . - travel
Here: a sleepcap (moderately damaged)
The floor.
It was a potion of cancellation.
You feel magically purged. The sleepcap barely misses you.
It was a potion of attraction.
You feel attractive to monsters. The sleepcap releases spores at you!
You die...

#..## #...#
#.## #...#
#....##...#
.........##
.######..#
#.##
#..#####
#.#...@.#
#.~PP####f#
....P~~ w#
.....~~~ .#
....#.♣~ ..
.....~P~ #.
#..#.~~~ .P
.. P≈ ~~


You could see a sleepcap and a ribbon worm.

Vanquished Creatures
  2 orc priests (D:3)
  An iguana (D:4)
  3 gnolls (D:2)
  3 adders
  A dart slug (D:4)
  3 ribbon worms (D:2)
  8 orcs
  4 ball pythons (D:1)
  7 endoplasms
  2 giant cockroaches
  4 goblins
  7 hobgoblins
  A quokka (D:3)
  6 bats
  2 frilled lizards
  4 kobolds
  6 rats
64 creatures vanquished.

Notes
Turn   | Place    | Note
-------+----------+-------------------------------------------
     0 | D:1      | firemarshallily the Octopode Conjurer began the quest for
                  | the Orb.
     0 | D:1      | Reached XP level 1. HP: 11/11 MP: 3/3
   162 | D:1      | Reached XP level 2. HP: 18/18 MP: 1/5
   169 | D:1      | Learned a level 2 spell: Searing Ray
   923 | D:2      | Reached XP level 3. HP: 19/22 MP: 0/6
   992 | D:2      | Reached skill level 1 in Fighting
  1347 | D:2      | Reached XP level 4. HP: 28/28 MP: 4/8
  1680 | D:2      | Found a runed translucent door.
  1681 | D:2      | Noticed Crazy Yiuf
  2088 | D:3      | Reached XP level 5. HP: 25/34 MP: 5/9
  2340 | D:3      | Found a broken altar of Ashenzari.
  2524 | D:3      | Learned a level 4 spell: Fulminant Prism
  2920 | D:3      | Found a faded altar of an unknown god.
  3065 | D:3      | Found a sparkling altar of Nemelex Xobeh.
  3320 | D:4      | Slain by a sleepcap

Illustrated notes

Levels and vault maps discovered:
D:1:      saegor_arrival_simple_a, layout_loops_ring
D:2:      layout_rooms, nicolae_elevator_lobby_asterisk, uniq_crazy_yiuf_cottage
D:3:      layout_basic, lemuel_coloured_pillars_altar,
          mainiacjoe_overflow_brackets, ebering_ecumenical_altar_box,
          minmay_between
D:4:      layout_layer_cave, general_overflow_altar, gammafunk_ghost_smash,
          serial_bayou_lagoon_a, minmay_manual_monolith

Skill      XL: |  1  2  3  4  5 |
---------------+----------------+-----
Fighting       | 1 2 |  2.1
Spellcasting   | 3 |  3.7
Dodging        | 3 |  3.1
Stealth        | |  2.6
Shields        | |  0.6
Conjurations   | |  4.7

Action                     |  1- 3 |  4- 6 || total
---------------------------+-------+-------++-------
  Melee: Short sword       |    11 |    11 ||    22
         Constrict         |     4 |     3 ||     7
         Tentacles         |     2 |     3 ||     5
   Cast: Magic Dart        |    48 |    60 ||   108
         Searing Ray       |     4 |     7 ||    11
    Use: Scroll            |       |     3 ||     3
         Potion            |       |     2 ||     2
   Stab: Sleeping          |       |     1 ||     1
 Armour: Skin              |    12 |    20 ||    32
  Dodge: Dodged            |     7 |    23 ||    30
